 Dungeon Crawl Stone Soup version 0.26-a0-651-gb41185065b (webtiles) character file.

Game seed: 4288667073012063272

1436 Irenicus the Geomancer (level 8, 0/62 HPs)
             Began as a Deep Dwarf Earth Elementalist on Sept 30, 2020.
             Was an Initiate of Makhleb.
             Slain by a wight
             ... wielding a +4 battleaxe
              (5 damage)
             ... on level 6 of the Dungeon.
             The game lasted 00:21:41 (2599 turns).

Irenicus the Geomancer (DDEE)                       Turns: 2599, Time: 00:21:42

Health: 0/62       AC:  8    Str: 11    XL:     8   Next: 45%
Magic:  3/14       EV: 27    Int: 19    God:    Makhleb [......]
Gold:   306        SH:  0    Dex: 13    Spells: 4/15 levels left

rFire    + . .     SeeInvis .   e - staff of earth
rCold    . . .     Faith    .   (no shield)
rNeg     . . .     Spirit   .   m - +0 leather armour
rPois    .         Reflect  .   n - +1 helmet
rElec    .         Harm     .   (no cloak)
rCorr    .         Rampage  .   s - +0 pair of gloves
MR       +....                  (no boots)
Stlth    ++........             q - amulet of the acrobat
HPRegen  0.00/turn              o - ring of wizardry {Wiz+, !d}
MPRegen  0.14/turn              (no ring)

@: acrobat, non-regenerating, drained
A: damage resistance, heal wounds, iridescent scales 1, fire resistance 1, sense
surroundings 2, no regeneration
a: Heal Wounds, Renounce Religion


You were on level 6 of the Dungeon.
You worshipped Makhleb.
Makhleb was noncommittal.
You visited 2 branches of the dungeon, and saw 7 of its levels.

You collected 306 gold pieces.

Inventory:

Hand Weapons
 a - a +1 short sword
   (You found it on level 1 of the Dungeon)
Missiles
 b - 94 stones (quivered)
Armour
 m - a +0 leather armour (worn)
   (You found it on level 3 of the Dungeon)
 n - a +1 helmet (worn)
   (You found it on level 2 of the Dungeon)
 s - a +0 pair of gloves (worn)
   (You found it on level 4 of the Dungeon)
Magical Staves
 e - an uncursed staff of earth (weapon)
   (You found it on level 4 of the Dungeon)
Jewellery
 i - an uncursed ring of ice {rC+, rF-}
   (You found it on level 5 of the Dungeon)
 o - a ring of wizardry (left hand) {Wiz+, !d}
   (You found it on level 5 of the Dungeon)
 q - an amulet of the acrobat (around neck)
   (You found it on level 3 of the Dungeon)
Wands
 g - a wand of flame (15)
   (You found it on level 5 of the Dungeon)
Scrolls
 c - 2 scrolls of remove curse
 d - 2 scrolls of enchant weapon
 h - 2 scrolls of magic mapping {!r}
 j - a scroll of identify
 l - a scroll of teleportation
Potions
 f - a potion of magic
 k - a potion of invisibility
 p - 2 potions of curing
 r - 2 potions of mutation {!q}


   Skills:
 - Level 2.3(1.7) Dodging
 - Level 2.5(2.0) Stealth
 - Level 4.0(3.4) Spellcasting
 - Level 0.8(0.3) Transmutations
 + Level 12.6(11.8) Earth Magic


You had 4 spell levels left.
You knew the following spells:

 Your Spells              Type           Power        Failure   Level
a - Sandblast             Erth           ######       1%          1
w - Passwall              Tmut/Erth      #####...     1%          2
x - Stone Arrow           Conj/Erth      #####.       1%          3
z - Lee's Rapid Deconstr  Erth           ######....   1%          5

Your spell library contained the following spells:

 Spells                   Type           Power        Failure   Level
 Petrify                  Tmut/Erth      #####...     6%          4
 Malign Gateway           Summ/Tloc      #.........   100%        7
 Monstrous Menagerie      Summ           #.........   100%        7
 Summon Greater Demon     Summ           #.........   100%        7
 Summon Horrible Things   Summ           #.........   100%        8


Dungeon Overview and Level Annotations

Branches:
Dungeon (6/15)             Temple (1/1) D:5

Altars:
Cheibriados
Dithmenos
Elyvilon
Fedhas
Gozag
Hepliaklqana
Makhleb
Nemelex Xobeh
Okawaru
Qazlal
Ru
Sif Muna
Trog
Uskayaw
Yredelemnul
The Shining One


Innate Abilities, Weirdness & Mutations

You are resistant to damage.
You can heal yourself by infusing magical energy.
You passively map the area around you.
You do not regenerate.
You are partially covered in iridescent scales. (AC +2)
Your flesh is heat resistant. (rF+)


Message History

The blast of sand misses the worker ant.
The blast of sand hits the orc!!
You kill the orc!
Makhleb accepts your kill.
b - 97 stones The worker ant bites you.
You now have 5/14 mp.
Casting: Sandblast (safe; 1% risk of failure)
Confirm with . or Enter, or press ? or * to list all spells.
Aiming: Sandblast (safe; 1% risk of failure)
Press: ? - help, Shift-Dir - straight line, f/p - worker ant
Aim: a worker ant (moderately wounded)
You feel a surge of power!
The blast of sand hits the worker ant!!
You kill the worker ant!
Makhleb accepts your kill.
b - 96 stones
Casting: Sandblast (safe; 1% risk of failure)
Confirm with . or Enter, or press ? or * to list all spells.
You can't see any susceptible monsters within range! (Use Z to cast anyway.) Unknown command.
There is a stone staircase leading up here.
Things that are here:
a +0 dagger; a +0 robe; an orc corpse
There is a stone staircase leading down here. 3 wights come into view.
A wight comes into view. It is wielding a +0 hand axe.
The wight moves out of view. x2
An adder comes into view.
A wight comes into view. It is wielding a -2 trident.
Casting: Sandblast (safe; 1% risk of failure)
Confirm with . or Enter, or press ? or * to list all spells.
Aiming: Lee's Rapid Deconstruction (dangerous; 1% risk of failure)
Press: ? - help, Dir - move target cursor A rock wall.
Okay, then.
Casting: Lee's Rapid Deconstruction (dangerous; 1% risk of failure)
Confirm with . or Enter, or press ? or * to list all spells.
Aiming: Sandblast (safe; 1% risk of failure)
Press: ? - help, Shift-Dir - straight line, f - wight
Aim: a wight, wielding a +4 battleaxe and wearing a +0 robe
Okay, then.
Okay, then.
Things that are here:
a +0 dagger; a +0 robe; an orc corpse
There is a stone staircase leading up here.
There is a stone staircase leading down here.
Casting: Sandblast (safe; 1% risk of failure)
Confirm with . or Enter, or press ? or * to list all spells.
Aiming: Lee's Rapid Deconstruction (dangerous; 1% risk of failure)
Press: ? - help, Dir - move target cursor A rock wall.
You feel a surge of power!
The wall shatters!
The blast of rock fragments hits the wight!!!
You destroy the wight!
Makhleb accepts your kill.
The blast of rock fragments hits the wight.
The wight is moderately damaged.
The wight hits you with a +4 battleaxe.
* * * LOW HITPOINT WARNING * * *
You feel drained.
* * * LOW HITPOINT WARNING * * *
You take 3 damage, and have 9/62 hp.
You now have 7/14 mp.
Casting: Lee's Rapid Deconstruction (dangerous; 1% risk of failure)
Confirm with . or Enter, or press ? or * to list all spells.
Aiming: Sandblast (safe; 1% risk of failure)
Press: ? - help, Shift-Dir - straight line You feel a surge of power!
The blast of sand hits the wight but does no damage.
The wight is moderately damaged.
b - 95 stones The wight barely misses you.
You now have 6/14 mp.
Casting: Sandblast (safe; 1% risk of failure)
Confirm with . or Enter, or press ? or * to list all spells.
Press: ? - help, Shift-Dir - straight line, f - wight
Aim: a wight, wielding a +4 battleaxe and wearing a +0 robe (moderately damaged)
You feel a surge of power!
The blast of sand hits the wight but does no damage.
The wight is moderately damaged.
b - 94 stones The wight hits you with a +4 battleaxe!
* * * LOW HITPOINT WARNING * * *
You feel drained.
You take 4 damage, and have 5/62 hp.
Casting: Sandblast (safe; 1% risk of failure)
Confirm with . or Enter, or press ? or * to list all spells.
Aiming: Lee's Rapid Deconstruction (dangerous; 1% risk of failure)
Press: ? - help, Dir - move target cursor, p - wight A rock wall.
You feel a surge of power!
The wall shatters!
The blast of rock fragments hits the wight!
The wight is severely damaged.
The blast of rock fragments hits the wight!
The wight is almost destroyed.
You now have 1/14 mp.
Items here: )) [ †.
Items here: )) [ ††.
You see here a +0 hand axe.
The wight hits you with a +4 battleaxe!
You die...

#.#########...# * *
#.# .......z..# *
#.#,###.#.#...# #.#,
#.#.#.## *
#.#######.#...>######
#.........z....z....#
,,
#....####.#########z#
* #....# #.# #.# *
#....# #@# #)# ,
#....####z#########.#
#.........z...z..)..#
,
####.......##########
* #.......# *
#.......# , *
#......)# , #.......#
#.......#


You could see 3 wights.

Vanquished Creatures
  Sigmund (D:2)
  Menkaure (D:4)
  A water moccasin (D:5)
  2 phantoms (D:5)
  2 bullfrogs (D:6)
  3 scorpions
  A wight (D:6)
  A centaur zombie (D:5)
  2 hounds (D:4)
  2 bullfrog skeletons
  An orc wizard (D:6)
  4 worker ants
  A howler monkey zombie (D:5)
  A howler monkey skeleton (D:3)
  7 adders
  3 gnolls (D:4)
  2 shadow imps (D:5)
  An ufetubus (D:5)
  An adder zombie (D:5)
  2 worms (D:2)
  A dart slug (D:3)
  5 leopard geckos
  14 orcs
  13 giant cockroaches
  11 goblins
  11 hobgoblins
  15 jackals
  8 kobolds
  4 quokkas
  A ball python (D:3)
  7 bats
  A frilled lizard (D:2)
  7 rats
137 creatures vanquished.

Notes
Turn   | Place    | Note
-------+----------+-------------------------------------------
     0 | D:1      | Irenicus the Deep Dwarf Earth Elementalist began the quest
                  | for the Orb.
     0 | D:1      | Reached XP level 1. HP: 15/15 MP: 3/3
    80 | D:1      | Reached skill level 2 in Spellcasting
   113 | D:1      | Reached XP level 2. HP: 22/22 MP: 3/5
   143 | D:1      | Learned a level 2 spell: Passwall
   552 | D:2      | Reached XP level 3. HP: 25/28 MP: 2/6
   610 | D:2      | Reached skill level 5 in Earth Magic
   942 | D:2      | Reached XP level 4. HP: 18/36 MP: 3/8
  1037 | D:2      | Noticed Sigmund
  1047 | D:2      | Gained mutation: Your flesh is heat resistant. (rF+)
                  | [potion of mutation]
  1047 | D:2      | Gained mutation: You are partially covered in iridescent
                  | scales. (AC +2) [potion of mutation]
  1047 | D:2      | Gained mutation: You passively map the area around you.
                  | [potion of mutation]
  1072 | D:2      | Killed Sigmund
  1072 | D:2      | Reached skill level 3 in Spellcasting
  1072 | D:2      | Reached skill level 6 in Earth Magic
  1072 | D:2      | Reached XP level 5. HP: 34/42 MP: 6/10
  1227 | D:3      | Reached XP level 6. HP: 39/49 MP: 6/11
  1372 | D:3      | Reached skill level 4 in Spellcasting
  1377 | D:3      | Reached skill level 7 in Earth Magic
  1529 | D:4      | Reached skill level 8 in Earth Magic
  1621 | D:4      | Noticed Menkaure
  1633 | D:4      | Killed Menkaure
  1633 | D:4      | Reached XP level 7. HP: 19/55 MP: 7/13
  1675 | D:4      | Reached skill level 9 in Earth Magic
  1713 | D:4      | Learned a level 3 spell: Stone Arrow
  1776 | D:4      | HP: 13/55 [adder (1)]
  1878 | D:4      | HP: 11/55 [hound (2)]
  1919 | D:5      | Entered Level 5 of the Dungeon
  1956 | D:5      | Found a sparkling altar of Nemelex Xobeh.
  1976 | D:5      | Found a staircase to the Ecumenical Temple.
  1995 | Temple   | Entered the Ecumenical Temple
  2042 | Temple   | Became a worshipper of Makhleb the Destroyer
  2100 | D:5      | Reached skill level 10 in Earth Magic
  2119 | D:5      | Learned a level 5 spell: Lee's Rapid Deconstruction
  2224 | D:5      | Reached skill level 11 in Earth Magic
  2254 | D:5      | Irenicus: ?? lee
  2254 | D:5      | beem: I don't have a page labeled lee in my learndb. Did
                  | you mean: ee, lie, see, bees, seeing.
  2254 | D:5      | Irenicus: ?? lee's rapid decon
  2254 | D:5      | beem: I don't have a page labeled lee's_rapid_decon in my
                  | learndb.
  2254 | D:5      | Irenicus: ?? lee's rapid deconstruction
  2254 | D:5      | beem: lrd[1/2]: Lee's Rapid Deconstruction: Turns walls,
                  | doors, and arches into explosions. Causes lots of
                  | undodgeable damage to anything foolish enough to be near
                  | the wall (but AC is applied thrice). Prior to 0.22, could
                  | break walls and doors like {shatter}.
  2285 | D:5      | Reached XP level 8. HP: 12/62 MP: 4/14
  2462 | D:6      | Reached skill level 12 in Earth Magic
  2581 | D:6      | HP: 10/62 [wight/+4 battleaxe (2)]
  2599 | D:6      | Slain by a wight

Illustrated notes

Levels and vault maps discovered:
D:1:      dpeg_arrival_morbid_curiosity, layout_loops_ring
D:2:      cheibrodos_old_hovel, layout_loops_corners, uniq_sigmund
D:3:      layout_rooms
D:4:      layout_loops_ring, kennysheep_generic_room_8, uniq_menkaure
D:5:      minmay_clustersquares, layout_rooms, minmay_temple_entry_grid,
          nemelex_altar_shiori
D:6:      layout_basic
Temple:   regret_index_temple_chain_breaker

Skill      XL: |  1  2  3  4  5  6  7  8 |
---------------+-------------------------+-----
Spellcasting   | 2 3 4 |  4.0
Earth Magic    | 5 6 8 11 12 | 12.6
Dodging        | |  2.3
Stealth        | |  2.5
Transmutations | |  0.8

Action                   |  1- 3 |  4- 6 |  7- 9 || total
-------------------------+-------+-------+-------++-------
Melee: Short sword       |    45 |    15 |     2 ||    62
 Cast: Sandblast         |    50 |    72 |    64 ||   186
       Passwall          |     3 |     1 |     6 ||    10
       Lee's Rapid Decon |       |       |     6 ||     6
Evoke: Wand              |       |       |     1 ||     1
  Use: Potion            |       |     4 |       ||     4
       Scroll            |       |       |    13 ||    13
 Stab: Sleeping          |     1 |       |       ||     1
Armor: Robe              |     4 |     2 |       ||     6
       Leather armour    |       |     4 |     5 ||     9
Dodge: Dodged            |    58 |    20 |    12 ||    90

Table legend: (Time is in decaauts)
 A = Elapsed time spent in this place.
 B = Non-inter-level travel time spent in this place.
 C = Inter-level travel time spent in this place.
 D = Time resting spent in this place.
 E = Time spent auto-exploring this place.
 F = Levels seen in this place.
 G = Mean time per level.
                   A        B        C        D        E       F      G
               +--------+--------+--------+--------+--------+-----+--------+
         Total |   2600 |   2599 |      1 |      0 |      0 |   7 |  371.4 |
       Dungeon |   2542 |   2541 |      1 |      0 |      0 |   6 |  423.7 |
        Temple |     57 |     57 |      0 |      0 |      0 |   1 |   57.0 |
               +--------+--------+--------+--------+--------+-----+--------+

Top non-repeatable levels by time:
     D:2: 653 daAuts
     D:1: 541 daAuts
     D:5: 455 daAuts
     D:4: 406 daAuts
     D:3: 322 daAuts
     D:6: 163 daAuts
  Temple: 57 daAuts

Table legend:
 A = Kills in this place as a percentage of kills in entire the game.
 B = Kills by you in this place as a percentage of kills by you in the entire game.
 C = Kills by friends in this place as a percentage of kills by friends in the entire game.
 D = Other kills in this place as a percentage of other kills in the entire game.
 E = Experience gained in this place as a percentage of experience gained in the entire game.
 F = Experience gained in this place divided by the number of levels of this place that you have seen.
                   A       B       C       D       E      F
               +-------+-------+-------+-------+-------+----------------------
         Total | 100.0 | 100.0 |   N/A |   N/A | 100.0 | 293.1
       Dungeon | 100.0 | 100.0 |   N/A |   N/A | 100.0 | 342.0
               +-------+-------+-------+-------+-------+----------------------
